Unix NetHack Version 5.0.0-0 post-release - last build May 10 2026 23:12:36 (d1fa5d53e341ca933230fdaa984d921c805b60aa,branch:main).

Game began 2026-05-11 09:52:10, ended 2026-05-12 08:16:10.

ArrBianca, neutral female human Tourist

                                                ----                     ---
                                  ---          --..|                    -..-
                                  |..--------- |...--                   ....
                                  |..........--|....#             ------..
                                  --...-----..--....|     --      |..|..-
                                ------.| |..........|     .-      |.....|
                              ---.---|@| |......#-..|  --..        --...-#
                              |.....-|a----.....-|.-|  ...          --...--
                              |......|..----.....|..|...             |....---
                               -.......(..||.........-.-        --- -#......|
                             ---...)<.....|--.........-        --.--|...--..|
                             |.........---- |.--..---%|       --...##..-- ---
                             |.>....--.|    ---------.---------....%...|
                             -.--..)||.| --        |......)*....0-----.---
                             ..||...--. ..|        --.------------   |...|
                            -----.(.......|         ---              ---.--
                               |........---                            |..|
                               |.......--                              --.--
                               ---.-----                                |..|
                                 ---                                    |..|
                                                                        ----
ArrBianca the Excursionist  St:6 Dx:13 Co:16 In:13 Wi:10 Ch:16  Neutral
Dlvl:4  $:139 HP:0(57) Pw:29(29) AC:1  Xp:7 T:4070  Burdened

Latest messages:
 The thonged club hits the giant ant.
 The thonged club returns to your hand!
 The giant ant bites!
 The giant ant bites!
 You miss the giant ant.
 The giant ant misses!
 You miss the giant ant.
 The giant ant bites!
 You miss the giant ant.
 The giant ant bites!
 You miss the giant ant.
 You miss the giant ant.
 The giant ant bites!
 The giant ant bites!
 The giant ant bites!
 The giant ant bites!
 You hit the giant ant.
 The giant ant misses!
 The giant ant bites!
 You miss the giant ant.
 The giant ant misses!
 The giant ant bites!
 What do you want to throw? [$r or ?*] ?
 In what direction? h
 The thonged club hits the giant ant.
 The thonged club returns to your hand!
 The giant ant bites!
 The giant ant bites!
 You miss the giant ant.
 The giant ant bites!
 You miss the giant ant.
 The giant ant just misses!
 The giant ant misses!
 You hit the giant ant.
 The giant ant misses!
 The giant ant bites!
 The giant ant misses!
 Really step into that pit? [yn] (n) y
 You fall into a pit!
 You hear the howling of the CwnAnnwn...
 You are still in a pit.
 The giant ant misses!
 You are still in a pit.
 The giant ant bites!
 You die...
 Do you want your possessions identified? [ynq] (y) y
 Do you want to see your attributes? [ynq] (y) y
 Do you want an account of creatures vanquished? [ynaq] (y) a
 Do you want to see your conduct and achievements? [ynq] (y) y
 Do you want to see the dungeon overview? [ynq] (y) y

Inventory:
 Coins    ('$')
  $ - 139 gold pieces
 Amulets  ('"')
  w - an uncursed amulet of reflection (being worn)
 Weapons  (')')
  r - a +0 aklys (tethered to right hand)
 Armor    ('[')
  j - a cursed -2 leather cloak (being worn)
  k - an uncursed +3 Hawaiian shirt with a jellyfish motif (being worn)
  G - a cursed +0 crystal plate mail (being worn)
 Comestibles  ('%')
  o - a cursed food ration
  b - 4 uncursed fortune cookies
 Scrolls  ('?')
  q - an uncursed scroll of blank paper
  N - an uncursed scroll of confuse monster
  g - an uncursed scroll of identify
  L - an uncursed scroll of light
 Spellbooks  ('+')
  M - an uncursed spellbook of cure blindness
 Potions  ('!')
  i - an uncursed potion of extra healing
 Wands    ('/')
  J - a wand of stasis (0:6)
 Tools    ('(')
  m - an uncursed credit card
  l - an expensive camera (0:99)
  h - a +0 pick-axe (alternate weapon; not wielded)
  P - an uncursed stethoscope
  U - an uncursed tin whistle
  n - an uncursed towel

ArrBianca the Tourist's attributes:

Background:
 You were an Excursionist, a level 7 female human Tourist.
 You were neutral, on a mission for The Lady
 who was opposed by Blind Io (lawful) and Offler (chaotic).
 You were right-handed.
 You were in the Gnomish Mines, on level 4.
 You entered the dungeon 4070 turns ago.
 You had 729 experience points, 551 more were needed to attain level 8.

Basics:
 You had 0 out of 57 hit points.
 You had all 29 energy points (spell power).
 Your armor class was 1.
 Your wallet contained 139 zorkmids.
 Autopickup was on for '$?!/="+%' plus thrown, with exceptions.

Final Characteristics:
 Your strength was 6 (peak:9, limit:18/100).
 Your dexterity was 13 (limit:18).
 Your constitution was 16 (limit:18).
 Your intelligence was 13 (limit:18).
 Your wisdom was 10 (limit:18).
 Your charisma was 16 (limit:18).

Final Status:
 You were trapped in a pit.
 You weren't hungry.
 You were burdened; movement was slightly slowed.
 You were wielding a club.
 You had no skill with club.

Final Attributes:
 You were piously aligned.
 You were guarded.
 You were fast.
 You had reflection.
 You are dead.

Miscellaneous:
 You didn't encounter any bones levels.
 Total elapsed playing time was 51 minutes and 37 seconds.

Major events:
 Turn
    1: ArrBianca the neutral female human Tourist entered the dungeon
  762: entered the Gnomish Mines
 1035: attained the rank of Sightseer (level 3)
 3153: attained the rank of Excursionist (level 6)
 4070: killed by a giant ant

Spells:
 Name                 Level Category     Fail Retention
 confuse monster        1   enchantment   14%  76%-100%
 cure blindness         2   healing       90%  76%-100%

Skills:
 Fighting Skills
   bare handed combat [Basic]
   two weapon combat  [Unskilled]
   riding             [Unskilled]
 Weapon Skills
   dagger             [Unskilled]
   knife              [Unskilled]
   axe                [Unskilled]
   pick-axe           [Unskilled]
   short sword        [Unskilled]
   broadsword         [Unskilled]
   long sword         [Unskilled]
   two-handed sword   [Unskilled]
   saber              [Unskilled]
   mace               [Unskilled]
   morning star       [Unskilled]
   flail              [Unskilled]
   hammer             [Unskilled]
   quarterstaff       [Unskilled]
   polearms           [Unskilled]
   spear              [Unskilled]
   trident            [Unskilled]
   lance              [Unskilled]
   bow                [Unskilled]
   sling              [Unskilled]
   crossbow           [Unskilled]
   dart               [Skilled]
   shuriken           [Unskilled]
   boomerang          [Unskilled]
   whip               [Unskilled]
   unicorn horn       [Unskilled]
 Spellcasting Skills
   divination spells  [Unskilled]
   enchantment spells [Unskilled]
   escape spells      [Unskilled]

Voluntary challenges:
 Character rerolling was not enabled.
 You never genocided any monsters.
 You never polymorphed an object.
 You never changed form.
 You used no wishes.
Achievements:
 You entered a shop.
 You entered the Gnomish Mines.
 You attained the rank of Sightseer.
 You attained the rank of Excursionist.

 The Dungeons of Doom: levels 1 to 6
    Level 1:
       A fountain.
    Level 2:
       A general store, an altar to The Lady, a fountain.
       Stairs down to The Gnomish Mines.
    Level 3:
       A general store, some fountains.
    Level 4:
       Some fountains.
    Level 5:
       An armor shop, some fountains, a sink.
    Level 6:
 The Gnomish Mines: levels 3 to 5
    Level 3:
    Level 4: <- You were here.
       Final resting place for
          you, killed by a giant ant.
    Level 5:


Vanquished creatures:
  a small mimic
  a gnome ruler
  a bugbear
  a rock mole
  a pony
  a fog cloud
  a shrieker
  3 gnome leaders
  a gnomish wizard
  a gray ooze
  4 dwarves
  a homunculus
  2 kobold leaders
  a centipede
 an orc zombie
  2 wererats
  2 iguanas
  2 giant rats
 19 gnomes
  a garter snake
  5 geckos
  4 jackals
  3 kobolds
  a goblin
  2 sewer rats
  a grid bug
  5 lichens
  a kobold zombie
  4 newts
73 creatures vanquished.

No species were genocided or became extinct.

Game over:
                       ----------
                      /          \
                     /    REST    \
                    /      IN      \
                   /     PEACE      \
                  /                  \
                  |    ArrBianca     |
                  |      139 Au      |
                  |   killed by a    |
                  |    giant ant     |
                  |                  |
                  |                  |
                  |       2026       |
                 *|     *  *  *      | *
        _________)/\\_//(\/(/\)/\//\/|_)_______

Aloha ArrBianca the Tourist...

You died in The Gnomish Mines on dungeon level 4 with 2518 points,
and 139 pieces of gold, after 4070 moves.
You were level 7 with a maximum of 57 hit points when you died.

